 Dungeon Crawl Stone Soup version 0.27-a0-1081-ge8a0a9c698 (webtiles) character file.

Game seed: 3453240937153730740

1218 Lanoc the Slasher (level 8, -2/61 HPs)
             Began as a Djinni Berserker on Apr 25, 2021.
             Was a Priest of Trog.
             Killed from afar by a white imp (12 damage)
             ... with a puff of frost
             ... summoned by Eustachio
             ... on level 4 of the Dungeon.
             The game lasted 00:07:18 (5677 turns).

Lanoc the Slasher (Djinni Berserker)                Turns: 5677, Time: 00:07:18

Health: -2/61      AC:  4    Str: 13 (16) XL:     8   Next: 46%
Gold:   243        EV: 19    Int:  7 (8)  God:    Trog [***...] SH:  5 Dex: 17 (20)

rFire    + + .     SeeInvis .   a - +0 falchion
rCold    x . .     Faith    .   (no shield)
rNeg     . . .     Spirit   .   b - +0 animal skin
rPois    ∞         Reflect  +   y - +0 helmet
rElec    .         Harm     .   v - +0 cloak
rCorr    .         Rampage  .   (no gloves)
Will     .....     Clarity  +   (boots unavailable)
Stlth    ++........             o - amulet of reflection
HPRegen  0.20/turn              w - +6 ring of dexterity
MPRegen  0.00/turn              p - +4 ring of evasion

@: mighty, brilliant, on berserk cooldown, flying, invisible
A: fire resistance 2, cold vulnerability 1, float, innate caster, hp casting,
extra vitality 1, clarity, dopey 1
a: Renounce Religion, Berserk, Trog's Hand


You were on level 4 of the Dungeon.
You worshipped Trog.
Trog was most pleased with you.
You visited 1 branch of the dungeon, and saw 4 of its levels.

You collected 243 gold pieces.

Inventory:

Hand Weapons
 a - a +0 falchion (weapon)
Armour
 b - a +0 animal skin (worn)
 v - a +0 cloak (worn)
 y - a +0 helmet (worn)
Jewellery
 f - a ring of positive energy
 o - an amulet of reflection (around neck)
 p - a +4 ring of evasion (right hand)
 w - a +6 ring of dexterity (left hand)
Wands
 x - a wand of iceblast (4)
Scrolls
 d - 3 scrolls of summoning {unknown}
 e - 3 scrolls of identify {unknown}
 g - 2 scrolls of teleportation {unknown}
 h - a scroll of amnesia {unknown}
 k - a scroll of vulnerability {unknown}
 l - a scroll of fog {unknown}
 q - a scroll of noise {unknown}
 r - a scroll of enchant armour {unknown}
 s - a scroll of enchant weapon {unknown}
Potions
 u - 2 potions of degeneration


   Skills:
 + Level 5.7 Fighting
 * Level 7.0 Long Blades
 - Level 2.0 Armour
 + Level 5.8 Dodging


You had one spell level left.
You knew the following spells:

 Your Spells              Type           Power      Damage    Failure   Level
a - Animate Skeleton      Necr           0%         N/A       43%         1
b - Wereblood             Tmut           0%         N/A       56%         2
c - Dazzling Flash        Conj/Hex       0%         N/A       80%         3
Your spell library was empty.

Dungeon Overview and Level Annotations

Branches:
Dungeon (4/15)
 Temple: D:4-7

Altars:
Makhleb
Wu Jian

Annotations:
D:4 1 runed translucent door, Crazy Yiuf, Eustachio, Sigmund


Innate Abilities, Weirdness & Mutations

You are immune to poison.
Your flesh is very heat resistant. (rF++)
You are vulnerable to cold. (rC-)
You float through the air rather than walking.
You learn spells naturally, not from books.
Your magical power is your life essence.
You have superior vitality. (+4 HP)
You possess an exceptional clarity of mind.
You are dopey. (Int -2)


Message History

You block the bat's attack. x2; The bat misses you.
You riposte.
You miss the bat. Something hits you.
* * * LOW HITPOINT WARNING * * *
It was a potion of magic.
Magic courses through your body. The bat barely misses you.
The bat closely misses you. You block the bat's attack.
Something barely misses you. The river rat completely misses you.
You riposte.
You barely miss the river rat.
It was a potion of brilliance.
You feel clever all of a sudden. You block the bat's attack.
The bat barely misses you.
You riposte.
You miss the bat. Something closely misses you. The bat misses you.
The river rat bites you.
* * * LOW HITPOINT WARNING * * *
Eustachio growls, "To hell with you, honourless miscreant!"
You block something's attack.
It was a potion of mutation.
You feel extremely strange.
You feel stupid.
Your thoughts seem clearer.
The bat completely misses you. The bat misses you. You block the bat's attack.
The river rat bites you.
* * * LOW HITPOINT WARNING * * *
The bat closely misses you. Something barely misses you.
The river rat bites you!
* * * LOW HITPOINT WARNING * * *
You feel better.
You feel yourself speed up. The bat hits you but does no damage.
The bat barely misses you. The bat closely misses you. Something hits you.
* * * LOW HITPOINT WARNING * * *
The river rat completely misses you.
You riposte.
You barely miss the river rat.
Eustachio mumbles some strange words.
Something hits you!
* * * LOW HITPOINT WARNING * * *
You fade into invisibility!
You block the bat's attack. The bat misses you. The river rat misses you.
The white imp gestures at you.
The puff of frost misses the river rat.
The puff of frost hits you!
You feel a terrible chill!
You die...

#...# ##+## ...#
###...###...##...#.
#....§.............
#......#.........#
#...rbr#.........#
#.....b#...r##...#.
#......#..{5@......
###...#####r####.##
####...###b.@# .....
.............b#......
#...............#......
#..................._..
#...###....####.#......
##...#########...#......
#................# .....
#................# ##.##
#..........†............


You could see Eustachio, a river rat (summoned), a white imp (summoned), 2 bats
and a rat (summoned).

Vanquished Creatures
  Pikel (D:4)
  An ogre (D:4)
  3 jellies (D:4)
  5 hounds (D:4)
  Natasha (thrice) (D:2)
  2 orc wizards (D:4)
  A hound skeleton (D:4)
  17 gnolls
  2 adders (D:3)
  A worm (D:2)
  A dart slug (D:4)
  21 orcs
  11 endoplasms
  A giant cockroach (D:1)
  7 hobgoblins
  21 jackals
  3 quokkas
  5 ball pythons
  7 bats
  A frilled lizard (D:1)
  3 kobolds
  5 rats
122 creatures vanquished.

Vanquished Creatures (others)
  11 plants (D:1)
11 creatures vanquished.

Grand Total: 133 creatures vanquished

Notes
Turn   | Place    | Note
-------+----------+-------------------------------------------
     0 | D:1      | Lanoc the Djinni Berserker began the quest for the Orb.
     0 | D:1      | Reached XP level 1. HP: 20/20 MP: 0/0
   587 | D:1      | Reached XP level 2. HP: 22/25 MP: 0/0
   745 | D:1      | Reached skill level 3 in Long Blades
  1112 | D:1      | Reached XP level 3. HP: 30/30 MP: 0/0
  1112 | D:1      | Learned a level 1 spell: Animate Skeleton
  1633 | D:2      | Noticed Natasha
  1640 | D:2      | Killed Natasha
  1833 | D:2      | Noticed Natasha
  1840 | D:2      | Killed Natasha
  1841 | D:2      | Reached XP level 4. HP: 35/35 MP: 0/0
  1948 | D:2      | Noticed Natasha
  1954 | D:2      | Killed Natasha
  1954 | D:2      | Reached ** piety under Trog
  1955 | D:2      | Reached skill level 4 in Long Blades
  1994 | D:2      | Found a faded altar of an unknown god.
  2334 | D:2      | Reached XP level 5. HP: 41/41 MP: 0/0
  2334 | D:2      | Learned a level 2 spell: Wereblood
  2972 | D:3      | Found an ornate altar of the Wu Jian Council.
  3859 | D:4      | Reached XP level 6. HP: 47/47 MP: 0/0
  4135 | D:4      | Reached skill level 5 in Long Blades
  4208 | D:4      | Found a runed translucent door.
  4211 | D:4      | Noticed Crazy Yiuf
  4272 | D:4      | Reached XP level 7. HP: 47/53 MP: 0/0
  4272 | D:4      | Learned a level 3 spell: Dazzling Flash
  4431 | D:4      | Noticed Pikel
  4445 | D:4      | Killed Pikel
  4446 | D:4      | Reached skill level 5 in Fighting
  4446 | D:4      | Reached skill level 6 in Long Blades
  4446 | D:4      | Reached skill level 5 in Dodging
  4446 | D:4      | Reached XP level 8. HP: 30/59 MP: 0/0
  4845 | D:4      | Reached *** piety under Trog
  5623 | D:4      | Reached skill level 7 in Long Blades
  5630 | D:4      | Found a burning altar of Makhleb.
  5631 | D:4      | Noticed Eustachio
  5658 | D:4      | Noticed Sigmund
  5675 | D:4      | Gained mutation: You are dopey. (Int -2) [potion of
                  | mutation]
  5675 | D:4      | Gained mutation: You possess an exceptional clarity of
                  | mind. [potion of mutation]
  5677 | D:4      | Killed from afar by a white imp

Illustrated notes

Levels and vault maps discovered:
D:1:      dpeg_arrival_shelter, layout_loops_ring, serial_bayou_pond_c,
          roderic_serpentine_path, minmay_misc_feat_tower
D:2:      minmay_spotlight, layout_loops_ring,
          hellmonk_ecumenical_altar_inner_sanctum, uniq_natasha
D:3:      layout_basic, lemuel_round_altar
D:4:      lemuel_castle_with_subvaults [lemuel_castle_interior_carwin_1],
          layout_gridville, old_standard_altar, uniq_sigmund,
          uniq_crazy_yiuf_cottage, uniq_eustachio, uniq_pikel

Skill      XL: |  1  2  3  4  5  6  7  8 |
---------------+-------------------------+-----
Long Blades    | 3 4 5 6 7 |  7.0
Dodging        | 3 4 5 |  5.8
Fighting       | 4 5 |  5.7
Armour         | |  2.0

Action                   |  1- 3 |  4- 6 |  7- 9 || total
-------------------------+-------+-------+-------++-------
Melee: Falchion          |    69 |   163 |   155 ||   387
Invok: Berserk           |     4 |     5 |     9 ||    18
       Trog's Hand       |       |     1 |     2 ||     3
  Use: Potion            |       |       |     8 ||     8
 Stab: Sleeping          |       |     2 |     2 ||     4
Armor: Animal skin       |    24 |    11 |    23 ||    58
Dodge: Dodged            |    41 |   157 |   179 ||   377
Block: Other             |       |    52 |    50 ||   102
       Rpst.: Falchion   |    14 |    48 |    50 ||   112

Table legend: (Time is in decaauts)
 A = Elapsed time spent in this place.
 B = Non-inter-level travel time spent in this place.
 C = Inter-level travel time spent in this place.
 D = Time resting spent in this place.
 E = Time spent auto-exploring this place.
 F = Levels seen in this place.
 G = Mean time per level.
                   A        B        C        D        E       F      G
               +--------+--------+--------+--------+--------+-----+--------+
         Total |   5867 |   5795 |     72 |    204 |   4612 |   4 | 1466.8 |
       Dungeon |   5867 |   5795 |     72 |    204 |   4612 |   4 | 1466.8 |
               +--------+--------+--------+--------+--------+-----+--------+

Top non-repeatable levels by time:
     D:4: 2062 daAuts
     D:1: 1410 daAuts
     D:2: 1208 daAuts
     D:3: 1186 daAuts
